 Dungeon Crawl Stone Soup version 0.23-a0-335-gba3dfdf (webtiles) character file.

365 tilp the Chiller (level 6, -2/47 HPs)
             Began as a Merfolk Ice Elementalist on Oct 17, 2018.
             Slain by a wight
             ... wielding a +3 battleaxe
              (8 damage)
             ... on level 4 of the Dungeon.
             The game lasted 00:09:09 (2924 turns).

tilp the Chiller (Merfolk Ice Elementalist)         Turns: 2924, Time: 00:09:10

Health: -2/47      AC:  2    Str:  8    XL:     6   Next: 68%
Magic:  7/9        EV: 14    Int: 16    God:
Gold:   177        SH:  0    Dex: 15    Spells: 3/9 levels left

rFire    . . .     SeeInvis .   a - +1 dagger (elec)
rCold    . . .     Gourm    .   (no shield)
rNeg     . . .     Faith    .   p - +0 robe
rPois    .         Spirit   .   (no helmet)
rElec    .         Reflect  .   (no cloak)
rCorr    .         Harm     .   (no gloves)
MR       .....                  (no boots)
Stlth    ++........             (no amulet)
HPRegen  0.15/turn              (no ring)
MPRegen  0.11/turn              (no ring)

@: very slightly contaminated, drained
A: change form in water, swift swim, stealthy swim
a: no special abilities


You were on level 4 of the Dungeon.
You were not hungry.

You visited 1 branch of the dungeon, and saw 4 of its levels.

You collected 177 gold pieces.

Inventory:

Hand Weapons
 a - a +1 dagger of electrocution (weapon)
 b - a +0 hunting sling
 y - a +0 short sword of flaming
Missiles
 g - 15 sling bullets
 o - 133 stones (quivered)
Armour
 p - a +0 robe (worn)
Jewellery
 z - an uncursed amulet of rage {unknown}
Wands
 w - a wand of enslavement (21)
Scrolls
 d - 2 scrolls of magic mapping {unknown}
 f - a scroll of amnesia {unknown}
 h - a scroll of blinking {unknown}
 j - 8 scrolls of identify {unknown}
 k - a scroll of teleportation {unknown}
 m - a scroll of immolation {unknown}
 u - a scroll of remove curse {unknown}
 x - a scroll of random uselessness {unknown}
Potions
 e - 2 potions of heal wounds {unknown}
 l - a potion of degeneration {unknown}
 n - 2 potions of resistance {unknown}
 q - a potion of berserk rage {unknown}
 r - a potion of haste {unknown}
 s - a potion of flight {unknown}
 t - a potion of agility {unknown}
 v - a potion of lignification {unknown}
 A - a potion of brilliance {unknown}
Comestibles
 c - 9 rations
 i - 5 chunks of flesh


   Skills:
 + Level 3.3(2.6) Fighting
 + Level 5.1(4.4) Dodging
 - Level 2.1(1.5) Stealth
 - Level 2.0(1.3) Spellcasting
 - Level 0.7(0.1) Conjurations
 - Level 6.0(5.3) Ice Magic


You had 3 spell levels left.
You knew the following spells:

 Your Spells              Type           Power        Failure   Level  Hunger
a - Freeze                Ice            ###.         2%          1    ##.....
b - Throw Frost           Conj/Ice       #.....       11%         2    ###....
c - Ozocubu's Armour      Chrm/Ice       #.......     22%         3    ####...

Your spell library contained the following spells:

 Spells                   Type           Power        Failure   Level  Hunger
 Summon Ice Beast         Ice/Summ       #.......     58%         4    #####..
 Throw Icicle             Conj/Ice       #.......     58%         4    #####..


Dungeon Overview and Level Annotations

Branches:
Dungeon (4/15)
 Temple: D:4-7

Altars:


Message History

You miscast Ozocubu's Armour.
You are very lightly contaminated with residual magic.
You feel a strange surge of energy!
You hear the crackle of electricity.
a - a +1 dagger of electrocution (weapon)
You barely miss the wight. The wight hits you with a +3 battleaxe!
You barely miss the wight. The wight completely misses you.
You hit the wight but do no damage. The wight closely misses you.
You hit the wight but do no damage. You barely miss the wight.
The wight completely misses you.
You hit the wight but do no damage.
The wight hits you with a +3 battleaxe!!
You feel drained.
You barely miss the wight. The wight hits you with a +3 battleaxe!
* * * LOW HITPOINT WARNING * * *
You hit the wight but do no damage. You hit the wight.
The wight is lightly damaged.
The wight hits you with a +3 battleaxe!
You die...

....[.. .......
....... .....(.
..(.... .......
....((.#######
#..(.z@...#
#.#######)####.#
#.#..............# ###
#.#
#####.#########.######
#.####
#.###.......#### #.#
#.#.#.
...##.##.......# #.#
#.#.#.
...##.##.......# #.#
#.#.#.
...##^##.......####.#
#.#.#.
...##.##............#
#.#.#.


You could see a wight.

Vanquished Creatures
  2 wights (D:4)
  2 orc wizards (D:3)
  An orc priest (D:3)
  7 adders
  An ooze (D:2)
  4 worms
  4 dart slugs
  4 leopard geckos
  12 orcs
  8 giant cockroaches
  11 goblins
  11 hobgoblins
  3 jackals (D:3)
  2 quokkas
  7 bats
  3 frilled lizards
  5 kobolds
  9 rats
96 creatures vanquished.

Notes
Turn   | Place    | Note
-------+----------+-------------------------------------------
     0 | D:1      | tilp the Merfolk Ice Elementalist began the quest for the
                  | Orb.
     0 | D:1      | Reached XP level 1. HP: 13/13 MP: 3/3
   393 | D:1      | Reached XP level 2. HP: 17/19 MP: 5/5
   398 | D:1      | Reached skill level 4 in Ice Magic
   612 | D:1      | Reached XP level 3. HP: 22/24 MP: 6/6
   616 | D:1      | Learned a level 2 spell: Throw Frost
   620 | D:1      | Learned a level 3 spell: Ozocubu's Armour
  1283 | D:2      | Reached skill level 5 in Ice Magic
  1426 | D:2      | Reached XP level 4. HP: 30/30 MP: 7/7
  1904 | D:3      | Reached skill level 6 in Ice Magic
  1904 | D:3      | Reached XP level 5. HP: 30/35 MP: 5/8
  1940 | D:3      | Reached skill level 1 in Fighting
  2244 | D:3      | Reached XP level 6. HP: 44/44 MP: 5/9
  2849 | D:4      | Reached skill level 5 in Dodging
  2924 | D:4      | Slain by a wight

Vault maps used:
D:1:      wheals_arrival_linesprint, columned_hall_lemuel
D:2:      first_ration
D:4:      nicolae_underground_beach

Skill      XL: |  1  2  3  4  5  6 |
---------------+-------------------+-----
Ice Magic      | 4 5 6 |  6.0
Fighting       | 2 3 |  3.3
Dodging        | 4 5 |  5.1
Stealth        | |  2.1
Spellcasting   | |  2.0
Conjurations   | |  0.7

Action                   |  1- 3 |  4- 6 || total
-------------------------+-------+-------++-------
Melee: Short sword       |       |    33 ||    33
       Dagger            |       |    42 ||    42
 Fire: Hunting sling     |    93 |    81 ||   174
Throw: Stone             |     1 |     3 ||     4
 Cast: Freeze            |    12 |    47 ||    59
       Throw Frost       |     1 |     4 ||     5
       Ozocubu's Armour  |       |     2 ||     2
 Stab: Sleeping          |       |     1 ||     1
  Eat: Chunk             |     2 |     6 ||     8
Armor: Robe              |     3 |    22 ||    25
Dodge: Dodged            |    20 |    89 ||   109

Table legend:
 A = Non-vault XP
 B = Vault XP
 C = Vault XP percentage of total XP
 D = Non-vault monster count
 E = Vault monster count
 F = Vault count percentage of total count
                 A         B        C        D         E       F
            +---------+---------+-------+---------+---------+-------
      Total |     522 |       0 |   0.0 |      96 |       0 |   0.0
            +---------+---------+-------+---------+---------+-------
        D:1 |      44 |       0 |   0.0 |      23 |       0 |   0.0
        D:2 |      68 |       0 |   0.0 |      25 |       0 |   0.0
        D:3 |     239 |       0 |   0.0 |      40 |       0 |   0.0
        D:4 |     171 |       0 |   0.0 |       8 |       0 |   0.0
            +---------+---------+-------+---------+---------+-------
